 Dungeon Crawl Stone Soup version 0.31.0-11-ge490571c62 (webtiles) character file.

Game seed: 10873840370986255963

35 qw the Shooter (level 3, -2/20 HPs)
             Began as a Deep Elf Hunter on Feb 5, 2024.
             Slain by a gnoll
             ... wielding a +0 whip
              (6 damage)
             ... on level 2 of the Dungeon.
             The game lasted 00:00:04 (681 turns).

qw the Shooter (Deep Elf Hunter)                     Turns: 681, Time: 00:00:04

Health: -2/20      AC:  5    Str:  8 (10) XL:     3   Next: 17%
Magic:  5/5        EV: 12    Int: 10 (13) God:
Gold:   58         SH:  0    Dex: 16 (18) Spells: 2/2 levels left

rFire   . . .        a - +0 shortbow
rCold   . . .        (shield currently unavailable)
rNeg    . . .        c - +0 leather armour
rPois   .            m - +1 helmet
rElec   .            (no cloak)
rCorr   .            (no gloves)
SInv    .            (no boots)
Will    .....        (no amulet)
Stlth   ++           (no ring)
HPRegen 0.23/turn    (no ring)
MPRegen 0.09/turn

%: no passive effects
@: no status effects
A: no striking features
a: no special abilities


You were on level 2 of the Dungeon.
You visited 1 branch of the dungeon, and saw 2 of its levels.

You collected 58 gold pieces.


   Skills:
 - Level 1.5 Fighting
 + Level 6.8 Ranged Weapons
 - Level 2.4 Dodging
 - Level 1.2 Stealth


You had 2 spell levels left.
You didn't know any spells.
Your spell library was empty.

Inventory:

Hand Weapons
 a - a +0 shortbow (weapon)
Armour
 c - a +0 leather armour (worn)
 m - a +1 helmet (worn)
Potions
 h - a potion of enlightenment
 j - a potion of attraction {unknown}
 n - a potion of ambrosia {unknown}

Dungeon Overview and Level Annotations

Branches:
Dungeon (2/15)

Altars:


Message History

The gnoll shouts!
You shoot an arrow. The arrow hits the gnoll.
The gnoll is moderately wounded.
You shoot an arrow. The arrow hits the gnoll!
You kill the gnoll!
A gnoll comes into view. It is wielding a +0 whip.
You have reached level 3!
Your experience leads to an increase in your attributes!
Your base attributes are Str 8, Int 13, Dex 18.
Increase (S)trength, (I)ntelligence, or (D)exterity?
You feel stronger. x2
You shoot an arrow. The arrow barely misses the gnoll.
The gnoll shouts!
You hear a shout!
A gnoll comes into view. It is wielding a +0 spear.
670 ||| RETREEEEATING.
There is an open door here.
671 ||| RETREEEEATING.
672 ||| RETREEEEATING.
673 ||| RETREEEEATING.
You shoot an arrow. The arrow barely misses the gnoll.
The gnoll misses you.
You shoot an arrow. The arrow hits the gnoll!
The gnoll is heavily wounded.
The gnoll closely misses you.
You shoot an arrow. The arrow hits the gnoll.
The gnoll is almost dead.
The gnoll hits you from afar with a +0 halberd!
Ouch! That really hurt!
You shoot an arrow. The arrow barely misses the gnoll.
You shoot an arrow. The arrow closely misses the gnoll.
You shoot an arrow.
The arrow hits the gnoll but does no damage.
You shoot an arrow. The arrow hits the gnoll.
The gnoll is moderately wounded.
The gnoll hits you with a +0 whip. The gnoll misses you.
You shoot an arrow. The arrow hits the gnoll.
The gnoll is severely wounded.
The gnoll hits you with a +0 whip.
You die...

## .# .# .# .# #####
.####...##############
....'...'....ggg@....#
#####...#####'######.#
##### #........#
#......).....#
#...g........#
#............#
#.g.)........#
#....##+###### .?....


You could see 3 gnolls.

Vanquished Creatures
  A gnoll (D:2)
  3 ball pythons (D:1)
  4 bats (D:1)
  An endoplasm (D:1)
  2 goblins (D:1)
  A hobgoblin (D:1)
  6 kobolds
  2 quokkas
  4 rats (D:1)
24 creatures vanquished.

Notes
Turn   | Place    | Note
-------+----------+-------------------------------------------
     0 | D:1      | qw the Deep Elf Hunter began the quest for the Orb.
     0 | D:1      | Reached XP level 1. HP: 12/12 MP: 3/3
     0 | D:1      | 0 ||| qw: Version: 0.3-a-160-g6735b56
     0 | D:1      | 0 ||| qw: Game counter: 6263
     0 | D:1      | 0 ||| qw: Melee chars always use a shield: true
     0 | D:1      | 0 ||| qw: God list: Okawaru
     0 | D:1      | 0 ||| qw: Allow faded altars: false
     0 | D:1      | 0 ||| qw: Do Orc after clearing Dungeon:15 true
     0 | D:1      | 0 ||| qw: Do second Lair branch before Depths: true
     0 | D:1      | 0 ||| qw: Lair rune preference: random
     0 | D:1      | 0 ||| qw: Goals: Normal
     0 | D:1      | 0 ||| PLANNING D:1-11
   105 | D:1      | Reached XP level 2. HP: 16/16 MP: 4/4
   115 | D:1      | Reached skill level 6 in Ranged Weapons
   136 | D:1      | Found a faded altar of an unknown god.
   479 | D:1      | 479 ||| UPGRADING to +1 helmet.
   484 | D:1      | 484 ||| READING scroll labelled VAD XINATRA.
   485 | D:1      | 485 ||| READING scroll labelled OGEGOVYGAC.
   486 | D:1      | 486 ||| READING scroll labelled KATYASTRANI.
   587 | D:1      | 587 ||| READING scroll labelled COSSIRYFEI.
   588 | D:1      | 588 ||| READING scroll labelled CAMELET ZUPEO.
   588 | D:1      | 588 ||| IDENTIFYING bubbling emerald potion
   589 | D:1      | 589 ||| READING scroll labelled SECONEILLO.
   592 | D:1      | 592 ||| DRINKING 2 grey potions.
   593 | D:1      | 593 ||| DROPPING scroll of butterflies.
   594 | D:1      | 594 ||| DROPPING potion of degeneration.
   669 | D:2      | Reached XP level 3. HP: 20/20 MP: 5/5
   670 | D:2      | 670 ||| RETREEEEATING.
   671 | D:2      | 671 ||| RETREEEEATING.
   672 | D:2      | 672 ||| RETREEEEATING.
   673 | D:2      | 673 ||| RETREEEEATING.
   680 | D:2      | HP: 4/20 [gnoll/+0 whip (5)]
   681 | D:2      | Slain by a gnoll

Levels and vault maps discovered:
D:1:      mainiacjoe_arrival_oval_in_oval, layout_basic,
          shapermc_ecumenical_altar_mp_urbaneastern,
          hangedman_decor_clover_reticule
D:2:      layout_basic, solitary_fountain, minmay_pentomino_p2

Skill      XL: |  1  2 |
---------------+-------+-----
Ranged Weapons | 6 |  6.8
Fighting       | |  1.5
Dodging        | |  2.4
Stealth        | |  1.2

Action                     || total
---------------------------++-------
   Fire: Shortbow          ||    63
    Use: Scroll            ||     6
         Potion            ||     1
 Armour: Leather armour    ||     7
  Dodge: Dodged            ||    18

Table legend:
 A = Non-vault XP
 B = Vault XP
 C = Vault XP percentage of total XP
 D = Non-vault monster count
 E = Vault monster count
 F = Vault count percentage of total count
                 A         B        C        D         E       F
            +---------+---------+-------+---------+---------+-------
      Total |      51 |       0 |   0.0 |      24 |       0 |   0.0
            +---------+---------+-------+---------+---------+-------
        D:1 |      33 |       0 |   0.0 |      21 |       0 |   0.0
        D:2 |      18 |       0 |   0.0 |       3 |       0 |   0.0
            +---------+---------+-------+---------+---------+-------
